BLB
DALLAS DRILLERS @ PHOENIX ROADRUNNERS
08/07/2059
 
TOP OF THE 1ST
Dallas Drillers batting - Pitching for Phoenix Roadrunners : LHP Jeremy Thrasher
Pitching: LHP Jeremy Thrasher
Batting: RHB Aubrey Albano 0-0: Called Strike
0-1: SINGLE (Groundball, 4S, EV 76.9 MPH) (infield hit)
Batting: RHB Jehvon Curry 0-0: Foul Ball, location: 2F
0-1: Ball
1-1: Swinging Strike
1-2: Foul Ball, location: 2F
1-2: Ball
2-2: Strikes out swinging
Batting: SHB Cooper Heizer 0-0: Swinging Strike
0-1: Called Strike
0-2: Strikes out looking
Aubrey Albano steals 2nd base
Batter strikes out.
Batting: RHB Julian Irwin 0-0: Called Strike
0-1: Ball
1-1: Swinging Strike
1-2: Foul Ball, location: 2F
1-2: Ball
2-2: DOUBLE (Line Drive, 78D, EV 115.0 MPH)
Aubrey Albano scores
Batting: RHB Latif Won 0-0: Swinging Strike
0-1: Ball
1-1: Ball
2-1: Foul Ball, location: 2F
2-2: Ground out 5-3 (Groundball, 56, EV 83.1 MPH)
Top of the 1st over - 1 run, 2 hits, 0 errors, 1 left on base; Dallas 1 - Phoenix 0
BOTTOM OF THE 1ST
Phoenix Roadrunners batting - Pitching for Dallas Drillers : RHP Jerry Cook
Pitching: RHP Jerry Cook
Batting: RHB Rick Anderson 0-0: Called Strike
0-1: Swinging Strike
0-2: Ball
1-2: Ball
2-2: Foul Ball, location: 2F
2-2: Ball
3-2: Foul Ball, location: 2F
3-2: Strikes out swinging
Batting: LHB Dwight Bell 0-0: Called Strike
0-1: Ball
1-1: DOUBLE (Line Drive, 89M, EV 95.6 MPH)
Batting: LHB Rayshaun Stuart 0-0: Called Strike
0-1: Ball
1-1: Swinging Strike
1-2: Strikes out looking
Batting: LHB Neil Wanat 0-0: Foul Ball, location: 2F
0-1: Called Strike
0-2: Foul Ball, location: 2F
0-2: Ground out 5-3 (Groundball, 56, EV 108.1 MPH)
Bottom of the 1st over - 0 runs, 1 hit, 0 errors, 1 left on base; Dallas 1 - Phoenix 0
TOP OF THE 2ND
Dallas Drillers batting - Pitching for Phoenix Roadrunners : LHP Jeremy Thrasher
Batting: RHB Sean Kovacevic 0-0: Called Strike
0-1: SINGLE (Groundball, 6MD, EV 98.1 MPH)
Batting: RHB Markel Crawford 0-0: Called Strike
0-1: Ball
1-1: Ball
2-1: Ball
3-1: Base on Balls
Sean Kovacevic to second
Batting: RHB Maurice Johnson 0-0: Ball
1-0: Called Strike
1-1: Called Strike
1-2: Strikes out swinging
Batting: LHB Ed Baker 0-0: Ball
1-0: Called Strike
1-1: Foul Ball, location: 2F
1-2: Ball
2-2: Ball
3-2: Strikes out swinging
Batting: RHB Aubrey Albano 0-0: DOUBLE (Line Drive, 7LS, EV 88.8 MPH)
Sean Kovacevic scores
Markel Crawford to third
Runner from 3rd tries for Home, SAFE, no throw by LF
Batting: RHB Jehvon Curry 0-0: Ball
1-0: Foul Ball, location: 2F
1-1: Ball
2-1: Fly out, F9 (Flyball, 9D, EV 93.8 MPH)
Top of the 2nd over - 2 runs, 2 hits, 0 errors, 1 left on base; Dallas 3 - Phoenix 0
BOTTOM OF THE 2ND
Phoenix Roadrunners batting - Pitching for Dallas Drillers : RHP Jerry Cook
Batting: LHB Tavin Kang 0-0: Ball
1-0: Swinging Strike
1-1: Ground out 5-3 (Groundball, 56, EV 111.2 MPH)
Batting: RHB Tommy Simpson 0-0: Called Strike
0-1: Ball
1-1: Ball
2-1: Swinging Strike
2-2: Fly out, F7 (Flyball, 7LM, EV 89.4 MPH)
Batting: RHB Tyrek Schaaf 0-0: Called Strike
0-1: Fly out, F8 (Line Drive, 8LM, EV 90.6 MPH)
Bottom of the 2nd over - 0 runs, 0 hits, 0 errors, 0 left on base; Dallas 3 - Phoenix 0
TOP OF THE 3RD
Dallas Drillers batting - Pitching for Phoenix Roadrunners : LHP Jeremy Thrasher
Batting: SHB Cooper Heizer 0-0: Called Strike
0-1: SINGLE (Groundball, 23, EV 71.9 MPH) (infield hit)
Batting: RHB Julian Irwin 0-0: Ball
1-0: Grounds into double play, 4-6-3 (Groundball, 4, EV 110.6 MPH)
Batting: RHB Latif Won 0-0: Ball
1-0: Called Strike
1-1: Ball
2-1: Called Strike
2-2: Strikes out swinging
Top of the 3rd over - 0 runs, 1 hit, 0 errors, 0 left on base; Dallas 3 - Phoenix 0
BOTTOM OF THE 3RD
Phoenix Roadrunners batting - Pitching for Dallas Drillers : RHP Jerry Cook
Batting: RHB Cole Segal 0-0: Ball
1-0: Ground out 3-1 (Groundball, 34, EV 90.0 MPH)
Batting: RHB Dalton Banks 0-0: Called Strike
0-1: Ball
1-1: Ball
2-1: Ball
3-1: Base on Balls
Batting: RHB Rick Anderson 0-0: Called Strike
0-1: Ball
1-1: Foul Ball, location: 2F
1-2: Ball
2-2: Strikes out swinging
Batting: LHB Dwight Bell 0-0: Ball
1-0: Called Strike
1-1: Foul Ball, location: 2F
1-2: Strikes out looking
Bottom of the 3rd over - 0 runs, 0 hits, 0 errors, 1 left on base; Dallas 3 - Phoenix 0
TOP OF THE 4TH
Dallas Drillers batting - Pitching for Phoenix Roadrunners : LHP Jeremy Thrasher
Batting: RHB Sean Kovacevic 0-0: Called Strike
0-1: Ball
1-1: Ball
2-1: Foul Ball, location: 2F
2-2: Ball
3-2: Foul Ball, location: 2F
3-2: Strikes out looking
Batting: RHB Markel Crawford 0-0: SINGLE (Groundball, 56S, EV 66.2 MPH) (infield hit)
Batting: RHB Maurice Johnson 0-0: Ball
1-0: Ball
2-0: Grounds into double play, 5-4-3 (Groundball, 5, EV 81.2 MPH)
Top of the 4th over - 0 runs, 1 hit, 0 errors, 0 left on base; Dallas 3 - Phoenix 0
BOTTOM OF THE 4TH
Phoenix Roadrunners batting - Pitching for Dallas Drillers : RHP Jerry Cook
Batting: LHB Rayshaun Stuart 0-0: Ball
1-0: Ball
2-0: Swinging Strike
2-1: Ball
3-1: Ground out 4-3 (Groundball, 4, EV 90.6 MPH)
Batting: LHB Neil Wanat 0-0: Ball
1-0: Swinging Strike
1-1: Ball
2-1: Swinging Strike
2-2: Foul Ball, location: 2F
2-2: Foul Ball, location: 2F
2-2: Ball
3-2: SINGLE (Line Drive, 7S, EV 93.1 MPH)
Batting: LHB Tavin Kang 0-0: Foul Ball, location: 2F
0-1: DOUBLE (Line Drive, 89XD, EV 110.0 MPH)
Neil Wanat to third
Batting: RHB Tommy Simpson 0-0: Ball
1-0: Called Strike
1-1: Swinging Strike
1-2: Strikes out looking
Batting: RHB Tyrek Schaaf 0-0: Called Strike
0-1: Foul Ball, location: 2F
0-2: Ball
1-2: Ball
2-2: Foul Ball, location: 2F
2-2: Foul Ball, location: 2F
2-2: Strikes out swinging
Bottom of the 4th over - 0 runs, 2 hits, 0 errors, 2 left on base; Dallas 3 - Phoenix 0
TOP OF THE 5TH
Dallas Drillers batting - Pitching for Phoenix Roadrunners : LHP Jeremy Thrasher
Batting: LHB Ed Baker 0-0: Ball
1-0: Called Strike
1-1: Foul Ball, location: 2F
1-2: Ball
2-2: Ball
3-2: SINGLE (Groundball, 6MD, EV 105.0 MPH)
Batting: RHB Aubrey Albano 0-0: Grounds into double play, 6-4-3 (Groundball, 56, EV 82.5 MPH)
Batting: RHB Jehvon Curry 0-0: Foul Ball, location: 2F
0-1: Called Strike
0-2: Ground out 5-3 (Groundball, 56, EV 97.5 MPH)
Top of the 5th over - 0 runs, 1 hit, 0 errors, 0 left on base; Dallas 3 - Phoenix 0
BOTTOM OF THE 5TH
Phoenix Roadrunners batting - Pitching for Dallas Drillers : RHP Jerry Cook
Batting: RHB Cole Segal 0-0: Ball
1-0: Ball
2-0: Called Strike
2-1: Ball
3-1: Ground out 4-3 (Groundball, 4, EV 81.9 MPH)
Batting: RHB Dalton Banks 0-0: Ball
1-0: Ball
2-0: Ball
3-0: Called Strike
3-1: Foul Ball, location: 2F
3-2: Base on Balls
Batting: RHB Rick Anderson 0-0: Ball
Dalton Banks steals 2nd base
1-0: Ball
2-0: Called Strike
2-1: SINGLE (Groundball, 34D, EV 103.8 MPH)
Dalton Banks to third
Runner from 3rd tries for Home, SAFE, throw by RF to home
Batting: LHB Dwight Bell Pickoff Throw to First - Out! 1-3 CS
0-0: Called Strike
0-1: Ball
1-1: Swinging Strike
1-2: Strikes out looking
Bottom of the 5th over - 1 run, 1 hit, 0 errors, 0 left on base; Dallas 3 - Phoenix 1
TOP OF THE 6TH
Dallas Drillers batting - Pitching for Phoenix Roadrunners : LHP Jeremy Thrasher
Batting: SHB Cooper Heizer 0-0: Called Strike
0-1: Foul Ball, location: 2F
0-2: Ball
1-2: Foul Ball, location: 2F
1-2: Ground out 5-3 (Groundball, 5, EV 98.1 MPH)
Batting: RHB Julian Irwin 0-0: Foul Ball, location: 2F
0-1: Called Strike
0-2: Foul Ball, location: 2F
0-2: DOUBLE (Flyball, 8LXD, EV 104.4 MPH)
Batting: RHB Latif Won 0-0: Ball
1-0: Fly out, F4 (Line Drive, 4, EV 68.8 MPH)
Batting: RHB Sean Kovacevic 0-0: Fly out, F3 (Popup, 34S, EV 71.9 MPH)
Top of the 6th over - 0 runs, 1 hit, 0 errors, 1 left on base; Dallas 3 - Phoenix 1
BOTTOM OF THE 6TH
Phoenix Roadrunners batting - Pitching for Dallas Drillers : RHP Jerry Cook
Batting: LHB Rayshaun Stuart 0-0: Called Strike
0-1: Ball
1-1: Swinging Strike
1-2: Foul Ball, location: 2F
1-2: Ground out 4-3 (Groundball, 4, EV 88.1 MPH)
Batting: LHB Neil Wanat 0-0: Ball
1-0: Ball
2-0: Foul Ball, location: 2F
2-1: Ball
3-1: Foul Ball, location: 2F
3-2: Foul Ball, location: 2F
3-2: Foul Ball, location: 2F
3-2: Base on Balls
Pitching: LHP Derek Bane
Pinch Hitting: RHB Harrison Jordan 0-0: Foul Ball, location: 2F
0-1: Fly out, F8 (Flyball, 78M, EV 85.6 MPH)
Batting: RHB Tommy Simpson 0-0: Foul Ball, location: 2F
0-1: Ball
1-1: Fly out, F7 (Flyball, 7D, EV 83.8 MPH)
Bottom of the 6th over - 0 runs, 0 hits, 0 errors, 1 left on base; Dallas 3 - Phoenix 1
TOP OF THE 7TH
Dallas Drillers batting - Pitching for Phoenix Roadrunners : LHP Jeremy Thrasher
Now in LF: Devon Cundiff
Batting: RHB Markel Crawford 0-0: Ball
1-0: Swinging Strike
1-1: Ball
2-1: Ground out 6-3 (Groundball, 6, EV 82.5 MPH)
Batting: RHB Maurice Johnson 0-0: Swinging Strike
0-1: SINGLE (Groundball, 6, EV 96.9 MPH)
Batting: LHB Ed Baker 0-0: Called Strike
0-1: Ball
1-1: Called Strike
Maurice Johnson steals 2nd base
1-2: Ball
2-2: Strikes out swinging
Batting: RHB Aubrey Albano 0-0: Ball
1-0: Called Strike
1-1: Ball
2-1: Fly out, F9 (Flyball, 89M, EV 86.9 MPH)
Top of the 7th over - 0 runs, 1 hit, 0 errors, 1 left on base; Dallas 3 - Phoenix 1
BOTTOM OF THE 7TH
Phoenix Roadrunners batting - Pitching for Dallas Drillers : LHP Derek Bane
Batting: RHB Tyrek Schaaf 0-0: Ball
1-0: Ball
2-0: Called Strike
2-1: SINGLE (Line Drive, 9LS, EV 101.2 MPH)
Batting: RHB Cole Segal 0-0: Called Strike
0-1: Foul Ball, location: 2F
0-2: Strikes out swinging
Batting: RHB Dalton Banks 0-0: Swinging Strike
0-1: Ball
1-1: Foul Ball, location: 2F
1-2: Ball
2-2: Ball
3-2: Strikes out swinging
Batting: RHB Rick Anderson 0-0: Ball
1-0: SINGLE (Groundball, 56D, EV 108.8 MPH)
Tyrek Schaaf to second
Pinch Hitting: RHB Cody Barkley 0-0: Foul Ball, location: 2F
0-1: Swinging Strike
0-2: Ball
1-2: Strikes out swinging
Bottom of the 7th over - 0 runs, 2 hits, 0 errors, 2 left on base; Dallas 3 - Phoenix 1
TOP OF THE 8TH
Dallas Drillers batting - Pitching for Phoenix Roadrunners : LHP Jeremy Thrasher
Pitching: RHP Cade de Jong
Now at 1B: Rayshaun Stuart
Now at 2B: Cody Barkley
Batting: RHB Jehvon Curry 0-0: Called Strike
0-1: SINGLE (Groundball, 6MD, EV 98.1 MPH)
Batting: SHB Cooper Heizer 0-0: Foul Ball, location: 2F
0-1: Ball
1-1: Foul Ball, location: 2F
1-2: Foul Ball, location: 2F
1-2: Ball
2-2: Ball
3-2: Foul Ball, location: 2F
3-2: Fly out, F8 (Line Drive, 8RD, EV 108.1 MPH)
Batting: RHB Julian Irwin 0-0: Foul Ball, location: 2F
0-1: Ball
1-1: Fly out, F2 (Popup, 2R, EV 88.8 MPH)
Batting: RHB Latif Won 0-0: Called Strike
0-1: Ball
1-1: Ball
2-1: Foul Ball, location: 2F
2-2: Foul Ball, location: 2F
2-2: Foul Ball, location: 2F
2-2: Fielders Choice at 2nd, 6-4 (Groundball, 6, EV 81.2 MPH)
Top of the 8th over - 0 runs, 1 hit, 0 errors, 1 left on base; Dallas 3 - Phoenix 1
BOTTOM OF THE 8TH
Phoenix Roadrunners batting - Pitching for Dallas Drillers : LHP Derek Bane
Pitching: RHP Cullen Lanzetta
Now at 1B: Julian Irwin
Now at 3B: Jehvon Curry
Now in LF: Pat Trumbo
Batting: LHB Rayshaun Stuart 0-0: Called Strike
0-1: Ball
1-1: Called Strike
1-2: Strikes out swinging
Batting: LHB Neil Wanat 0-0: Ball
1-0: Ball
2-0: Foul Ball, location: 2F
2-1: Foul Ball, location: 2F
2-2: Fly out, F7 (Flyball, 7, EV 90.0 MPH)
Batting: LHB Devon Cundiff 0-0: Ball
1-0: Called Strike
1-1: Fly out, F8 (Flyball, 8LXD, EV 93.8 MPH)
Bottom of the 8th over - 0 runs, 0 hits, 0 errors, 0 left on base; Dallas 3 - Phoenix 1
TOP OF THE 9TH
Dallas Drillers batting - Pitching for Phoenix Roadrunners : RHP Cade de Jong
Batting: RHB Sean Kovacevic 0-0: Called Strike
0-1: Ball
1-1: Ball
2-1: SINGLE (Line Drive, 34D, EV 94.4 MPH)
Batting: RHB Markel Crawford 0-0: Bunted foul
0-1: Sac Bunt to 2R - play at first, batter OUT! 2-3
Sean Kovacevic to second
Pitching: RHP Carter Byars
Batting: RHB Maurice Johnson 0-0: Ball
1-0: Foul Ball, location: 2F
1-1: Fly out, F8 (Line Drive, 8LD, EV 101.9 MPH)
Batting: LHB Ed Baker 0-0: Called Strike
0-1: Called Strike
0-2: Ball
1-2: Ground out U3 (Groundball, 3, EV 88.8 MPH)
Top of the 9th over - 0 runs, 1 hit, 0 errors, 1 left on base; Dallas 3 - Phoenix 1
BOTTOM OF THE 9TH
Phoenix Roadrunners batting - Pitching for Dallas Drillers : RHP Cullen Lanzetta
Batting: RHB Tommy Simpson 0-0: Called Strike
0-1: Ball
1-1: Ball
2-1: Foul Ball, location: 2F
2-2: Foul Ball, location: 2F
2-2: Strikes out swinging
Pinch Hitting: LHB Will Harper 0-0: Ball
1-0: Foul Ball, location: 2F
1-1: Fly out, F6 (Line Drive, 6MD, EV 67.5 MPH)
Batting: RHB Cole Segal 0-0: Called Strike
0-1: Foul Ball, location: 2F
0-2: Ball
1-2: Foul Ball, location: 2F
1-2: Ground out 4-3 (Groundball, 4S, EV 80.0 MPH)
Bottom of the 9th over - 0 runs, 0 hits, 0 errors, 0 left on base; Dallas 3 - Phoenix 1
Thursday, March 21st , 2024 - OOTP Baseball 23.10 Build 110